fml, neutral female scurrid Tourist -... |... |... |... |... . |... ....... |... ......... --------------------------------... .......).. ................................... -......}}}}. ..}}}}..}}}}..}}}}........s.............. |.......}}}}}}..}} }}}?..}}}}..}}}..................... -...........}}}}}}.........@.@............}}}..}}}}.)}}}..}}}... |(..........s.C........C...................%}}}}..}}}..}}}}.}}}} -------.....................................?...s.Y................... ...............................C...s..C...................C.........^...C... ------- -------...........!..................................s...... |................s...........................s.......C |......................s.....................=......s. |.!.*.?.......s..................C...................@ -...................................................u. fml the Sightseer Experience level: 3 Strength: 14 Dexterity: 10 Constitution: 14 Intelligence: 14 Wisdom: 11 Charisma: 15 Health: 0(25) Energy: 13(13) Def: 0 Gold: 1052 Moves: 484 Dungeon seed: GTF8yN2eRSaekIak Game ID: fml_1498726028 Your Inventory: Coins $ - 1052 gold pieces Weapons a - 44 uncursed +2 darts (in quiver) Armor e - an uncursed +0 Hawaiian shirt (being worn) Comestibles b - an uncursed carrot c - 3 uncursed food rations d - an uncursed lembas wafer f - an uncursed cream pie g - 2 uncursed candy bars h - an uncursed pear i - an uncursed tripe ration Scrolls k - 3 uncursed scrolls of magic mapping p - an uncursed scroll of water J - an uncursed scroll of identify Potions j - an uncursed potion of extra healing z - 2 uncursed potions of hallucination A - a blessed potion of hallucination Wands n - an uncursed wand of secret door detection (0:11) x - an uncursed wand of cold (0:5) C - an uncursed wand of teleportation (0:3) Tools l - an uncursed expensive camera (0:35) m - an uncursed credit card o - an uncursed leash Spells and supernatural/magical abilities: Name Level Category Fail Memory W - pray for help -- divine ? -- Your skills at the end: Miscellaneous Skills wands [Basic] Weapon Skills dart [Basic] Spellcasting Skills Final Attributes: You were devoutly aligned. You had infravision. You were very stealthy. You are dead. Vanquished creatures: a puppy a homunculus an iguana a jitterbug a jackal 2 foxes a kobold a newt 9 creatures vanquished. Voluntary challenges: You followed a strict vegan diet. You did not adorn yourself with jewelry or accessories. You did not cause conflict. You were not invisible. You did not have reflection. You were not displaced. You never hit with a wielded weapon. You did not use containers. You did not apply a unicorn horn. You did not use sinks. You read items or engraved 1 time, starting on turn 13. You never genocided any monsters. You never polymorphed an object. You never changed form. You used no wishes. You never split a pudding. You never wrote Elbereth's name. You never violated your personal moral code. Dungeon overview: The Dungeons of Doom: levels 1 to 12 Level 1 a long staircase Level 2 Level 3 Level 4 Level 5 some fountains Level 6 Level 7 a sink Level 8 Level 9 Level 10 Level 11 Level 12 a temple to Offler, a fountain portal to The Quest The Quest: Level 1 <- You were here portal to The Dungeons of Doom History has recorded: On T:1 you entered the Dungeons of Doom to retrieve the Amulet of Yendor! On T:4 you reached level 2 of The Dungeons of Doom. On T:7 you reached level 3 of The Dungeons of Doom. On T:9 you reached level 4 of The Dungeons of Doom. On T:13 you reached level 5 of The Dungeons of Doom. On T:50 you advanced to experience level 2. On T:157 you reached level 6 of The Dungeons of Doom. On T:160 you reached level 7 of The Dungeons of Doom. On T:163 you reached level 8 of The Dungeons of Doom. On T:165 you reached level 9 of The Dungeons of Doom. On T:167 you reached level 10 of The Dungeons of Doom. On T:175 you reached level 11 of The Dungeons of Doom. On T:178 you reached level 12 of The Dungeons of Doom. On T:237 you advanced to experience level 3. On T:297 you prayed to The Lady. On T:475 you reached level 1 of The Quest. Score breakdown: Gold: 326 ( 32 points) Experience: 3 levels ( 200 points) Exploration: 12 levels ( 330 points) Discoveries: 5 items ( 250 points) Variety of kills: 8 monsters ( 400 points) Major goal: (nothing yet) ( 0 points) Survival: died (score multiplied by 3) Total score: 3636 Latest messages: You continue digging. You chew a hole in the wall. $ - 5 gold pieces. You displace your kitten. You activated a magic portal! You feel dizzy for a moment, but the sensation passes. The giant spider is hit by a rock! You hear some noises in the distance. The giant spider is blinded by the flash! The giant spider turns to flee! The black unicorn butts! The black unicorn kicks! The black unicorn butts! The black unicorn kicks! The giant spider is blinded by the flash! The black unicorn butts! The black unicorn kicks! You die... Final status: Aloha fml the Tourist, killed by a black unicorn... You died in The Quest on dungeon level 1 with 3636 points, and 1052 pieces of gold, after 484 moves. You were level 3 with a maximum of 25 hit points when you died.